 Dungeon Crawl Stone Soup version 0.31.0-9-g3a7656b989 (webtiles) character file.

Game seed: 2649524779781917001

205 qw the Shooter (level 5, -2/26 HPs)
             Began as a Spriggan Hunter on Feb 2, 2024.
             Slain by an iguana (13 damage)
             ... on level 4 of the Dungeon.
             The game lasted 00:00:08 (2577 turns).

qw the Shooter (Spriggan Hunter)                    Turns: 2577, Time: 00:00:09

Health: -2/26      AC:  4    Str:  7    XL:     5   Next: 52%
Magic:  6/6        EV: 20    Int: 10    God:
Gold:   141        SH:  5    Dex: 21    Spells: 4/4 levels left

rFire   . . .        a - +0 shortbow
rCold   . . .        (shield currently unavailable)
rNeg    . . .        b - +2 robe {Will+}
rPois   .            (helmet restricted)
rElec   .            (no cloak)
rCorr   .            (gloves unavailable)
SInv    +            (boots unavailable)
Will    +....        l - amulet of reflection
Stlth   ++           (no ring)
HPRegen 0.24/turn    (no ring)
MPRegen 0.10/turn

%: reflection
@: very quick
A: very small, no large weapons, unfitting armour, see invisible, speed 3
a: no special abilities


You were on level 4 of the Dungeon.
You visited 1 branch of the dungeon, and saw 4 of its levels.

You collected 141 gold pieces.


Innate Abilities, Weirdness & Mutations

You are very small and have problems with some larger weapons.
You are too small for most types of armour.
You have supernaturally acute eyesight. (SInv)
You cover ground extremely quickly. (Speed+++)


   Skills:
 - Level 2.0 Fighting
 + Level 5.8 Ranged Weapons
 - Level 5.0 Dodging
 - Level 1.5 Stealth


You had 4 spell levels left.
You didn't know any spells.
Your spell library was empty.

Inventory:

Hand Weapons
 a - a +0 shortbow (weapon)
Armour
 b - a +2 robe of willpower (worn)
Jewellery
 d - a ring of fire
 h - a ring of ice
 i - an amulet of guardian spirit
 l - an amulet of reflection (around neck)
Scrolls
 c - a scroll of enchant armour {unknown}
Potions
 e - a potion of lignification {unknown}
 f - a potion of berserk rage {unknown}
 g - a potion of heal wounds
 j - a potion of curing {unknown}

Dungeon Overview and Level Annotations

Branches:
Dungeon (4/15)
 Temple: D:4-7

Altars:
Elyvilon
Uskayaw


Message History

Found an escape hatch in the ceiling.
There is an escape hatch in the ceiling here.
c - a scroll labelled YFRYALLIFO
Found a pair of glowing boots.
An adder comes into view.
You shoot an arrow. The arrow hits the adder!
The adder hisses angrily.
The adder is severely wounded.
You shoot an arrow. The arrow closely misses the adder.
You shoot an arrow. The arrow hits the adder.
You kill the adder!
i - an amulet of guardian spirit You see here an adder corpse.
An iguana comes into view.
Found a scroll of identify.
The iguana hisses angrily.
You shoot an arrow. The arrow hits the iguana.
The iguana is lightly wounded.
You shoot an arrow. The arrow hits the iguana.
The iguana is moderately wounded.
You shoot an arrow.
The arrow hits the iguana but does no damage.
The iguana is moderately wounded.
You shoot an arrow.
The arrow hits the iguana but does no damage.
The iguana is moderately wounded.
The iguana bites you!
You shoot an arrow. The arrow barely misses the iguana.
The iguana closely misses you.
You shoot an arrow. The arrow hits the iguana!
The iguana is almost dead.
The iguana closely misses you.
You shoot an arrow. The arrow barely misses the iguana.
The iguana bites you!
You shoot an arrow.
The arrow hits the iguana but does no damage.
The iguana is almost dead.
The iguana bites you!
Ouch! That really hurt!
You die...

..# #. ..# #.
?.# #. ..# #.
..# #
###.###..## #.
#.....l...#
#.##[....@...#
##..........#.#
.......#.####
####..%.#
####...##
#......#
#......#
#.##..##
#.##..#


You could see an iguana.

Vanquished Creatures
  Jessica (D:2)
  7 gnolls
  4 adders
  3 dart slugs
  A ribbon worm (D:3)
  5 endoplasms
  2 giant cockroaches
  7 hobgoblins
  2 jackals (D:1)
  4 quokkas
  7 ball pythons
  8 bats
  5 frilled lizards
  7 goblins
  5 kobolds
  6 rats
74 creatures vanquished.

Notes
Turn   | Place    | Note
-------+----------+-------------------------------------------
     0 | D:1      | qw the Spriggan Hunter began the quest for the Orb.
     0 | D:1      | Reached XP level 1. HP: 10/10 MP: 2/2
     0 | D:1      | 0 ||| qw: Version: 0.3-a-155-g5e7d8dd
     0 | D:1      | 0 ||| qw: Game counter: 2428
     0 | D:1      | 0 ||| qw: Melee chars always use a shield: true
     0 | D:1      | 0 ||| qw: God list: Okawaru
     0 | D:1      | 0 ||| qw: Allow faded altars: false
     0 | D:1      | 0 ||| qw: Do Orc after clearing Dungeon:15 true
     0 | D:1      | 0 ||| qw: Do second Lair branch before Depths: true
     0 | D:1      | 0 ||| qw: Lair rune preference: random
     0 | D:1      | 0 ||| qw: Goals: Normal
     0 | D:1      | 0 ||| PLANNING D:1-11
    67 | D:1      | Reached skill level 3 in Dodging
   171 | D:1      | Reached XP level 2. HP: 14/14 MP: 3/3
   758 | D:1      | 758 ||| DROPPING scroll of butterflies.
   836 | D:2      | Reached XP level 3. HP: 18/18 MP: 4/4
   915 | D:2      | Noticed Jessica
   918 | D:2      | Killed Jessica
   926 | D:2      | Found a white marble altar of Elyvilon.
   946 | D:2      | Reached XP level 4. HP: 22/22 MP: 5/5
  1137 | D:2      | Found a faded altar of an unknown god.
  1446 | D:2      | HP: 5/22 [gnoll/+0 club (5)]
  1451 | D:2      | HP: 4/23 [hobgoblin (2)]
  1598 | D:2      | 1598 ||| UPGRADING to +2 robe of willpower.
  1608 | D:2      | 1608 ||| DROPPING +0 robe.
  1609 | D:2      | 1609 ||| DROPPING ring of flight.
  1610 | D:2      | 1610 ||| READING scroll labelled RUKHYWE HUNNIS.
  1613 | D:2      | 1613 ||| DRINKING 2 cyan potions.
  1651 | D:3      | 1651 ||| STAIRDANCE
  1759 | D:3      | Reached XP level 5. HP: 26/26 MP: 6/6
  2428 | D:3      | Found a hide-covered altar of Uskayaw.
  2432 | D:3      | 2432 ||| DROPPING scarf of invisibility.
  2433 | D:3      | 2433 ||| UPGRADING to amulet of reflection.
  2438 | D:3      | 2438 ||| DROPPING +6 ring of intelligence.
  2439 | D:3      | 2439 ||| READING scroll labelled RIHYS NUAHI.
  2439 | D:3      | 2439 ||| IDENTIFYING golden potion
  2440 | D:3      | 2440 ||| DROPPING potion of magic.
  2577 | D:4      | Slain by an iguana

Levels and vault maps discovered:
D:1:      dpeg_arrival_pits, layout_loops_ring, dk_noncrumbling_3,
          minmay_misc_feat_square, kennysheep_pointless_box
D:2:      layout_basic, basic_altar,
          dreamdust_ecumenical_altar_angels_and_demons, uniq_jessica
D:3:      layout_loops_ring, lemuel_doored_altar, serial_bayou_lagoon_a
D:4:      layout_loops_ring, minmay_temple_entry_oklob

Skill      XL: |  1  2  3  4 |
---------------+-------------+-----
Dodging        | 3 4 5 |  5.0
Ranged Weapons | 5 |  5.8
Fighting       | 2 |  2.0
Stealth        | |  1.5

Action                     |  1- 3 |  4- 6 || total
---------------------------+-------+-------++-------
   Fire: Shortbow          |    80 |   120 ||   200
    Use: Scroll            |       |     2 ||     2
         Potion            |       |     1 ||     1
 Armour: Robe              |     5 |    14 ||    19
  Dodge: Dodged            |    20 |    33 ||    53

Table legend:
 A = Non-vault XP
 B = Vault XP
 C = Vault XP percentage of total XP
 D = Non-vault monster count
 E = Vault monster count
 F = Vault count percentage of total count
                 A         B        C        D         E       F
            +---------+---------+-------+---------+---------+-------
      Total |     256 |      37 |  12.6 |      73 |       1 |   1.4
            +---------+---------+-------+---------+---------+-------
        D:1 |      35 |       0 |   0.0 |      23 |       0 |   0.0
        D:2 |     117 |      37 |  24.0 |      25 |       1 |   3.8
        D:3 |      91 |       0 |   0.0 |      24 |       0 |   0.0
        D:4 |      13 |       0 |   0.0 |       1 |       0 |   0.0
            +---------+---------+-------+---------+---------+-------
